 Dungeon Crawl Stone Soup version 0.17.0-23-g0de4337 (webtiles) character file.

15222 MDvedh the Covert (level 11, -4/55 HPs)
             Began as a Felid Berserker on Nov 13, 2015.
             Was a High Priest of Trog.
             Slain by a death yak (10 damage)
             ... on level 8 of the Lair of Beasts.
             The game lasted 00:29:42 (17645 turns).

MDvedh the Covert (Felid Berserker)                Turns: 17645, Time: 00:29:42

Health: -4/55      AC:  6    Str: 13    XL:     11   Next: 99%
Magic:  17/17      EV: 31    Int:  9    God:    Trog [*****.]
Gold:   818        SH:  0    Dex: 18    Spells: 0 memorised, 10 levels left
                                        Lives:  0   Deaths: 3

rFire  . . .     SeeInvis +       - Unarmed
rCold  + . .     Clarity  +     (armour unavailable)
rNeg   . . .     SustAt   +     (shield unavailable)
rPois  .         Gourm    .     (helmet unavailable)
rElec  .         Spirit   .     (cloak unavailable)
rCorr  .         Warding  .     (gloves unavailable)
rMut   .         Stasis   .     (boots unavailable)
MR     ++++.                    (no amulet)
Stlth  +++++++...               A - ring of sustain attributes
                                i - ring of flight

@: lethally poisoned (-4 -> -5), exhausted, about to teleport, regenerating,
slowed, slow, incredibly resistant to hostile enchantments, extremely stealthy
A: no armour, no weapons or thrown items, claws 1, fangs 3, molten scales 1,
slimy green scales 1, see invisible, carnivore 3, clarity, clumsy 1, speed 1,
magic resistance 1, shaggy fur 3, slow metabolism 1, sharp paws
a: Berserk, Trog's Hand, Brothers in Arms, Burn Spellbooks, Renounce Religion,
Evoke Flight


You were on level 8 of the Lair of Beasts.
You worshipped Trog.
Trog was extremely pleased with you.
You were not hungry.

You visited 2 branches of the dungeon, and saw 17 of its levels.

You collected 818 gold pieces.

Inventory:

Jewellery
 i - a ring of flight (left paw)
 q - an uncursed ring of ice
 A - a ring of sustain attributes (right paw)
Wands
 b - a wand of slowing (16)
 d - a wand of heal wounds (9)
 e - a wand of fireball (9)
 p - a wand of random effects (12)
 t - a wand of paralysis (1)
 u - a wand of slowing (23)
 z - a wand of confusion (29)
 B - a wand of frost (12)
 C - a wand of slowing (19)
 D - a wand of magic darts (12)
 E - a wand of fire (3)
 F - a wand of draining (6)
 I - a wand of confusion (21)
Scrolls
 h - 3 scrolls of remove curse
 m - 3 scrolls of identify
 o - a scroll of magic mapping {unknown}
 s - a scroll of recharging
 w - a scroll of silence {unknown}
 x - a scroll of blinking
Potions
 c - 3 potions of haste
 f - 4 potions of curing
 j - a potion of heal wounds
 n - a potion of brilliance
 r - a potion of might
 v - 2 potions of invisibility
 J - a potion of agility
 K - a potion of flight
Miscellaneous
 y - a fan of gales
Comestibles
 a - 5 meat rations
 g - a beef jerky
 k - 11 slices of pizza
 l - 4 royal jellies


   Skills:
 + Level 11.2 Fighting
 + Level 14.5 Dodging
 + Level 14.8 Stealth
 * Level 12.5 Unarmed Combat
 + Level 7.9 Evocations


You had 10 spell levels left.
You didn't know any spells.

Dungeon Overview and Level Annotations

Branches:
Dungeon (9/15)             Temple (0/1) D:5            Lair (8/8) D:9
 Shoals (0/4) Lair:4        Snake (0/4) Lair:3
  Slime: Lair:6-8       Orc: D:9-12

Altars:
Fedhas
Okawaru
Trog
The Shining One

Shops:
D:4 (   D:9 (

Annotations:
D:4 Natasha
D:7 exclusion: door


Innate Abilities, Weirdness & Mutations

You cannot wear armour.
You are incapable of wielding weapons or throwing items.
You have sharp claws.
You have razor-sharp teeth.
You have supernaturally acute eyesight.
You are carnivorous and can eat meat at any time.
You cover ground quickly.
Your thick and shaggy fur keeps you warm (AC +3, rC+).
You have a slow metabolism.
Your sharp claws are effective at attacking unaware monsters.
You are partially covered in molten scales (AC +1).
You are partially covered in slimy green scales (AC +2).
You possess an exceptional clarity of mind.
You are clumsy. (Dex -2)
You are resistant to hostile enchantments.


Message History

Something gores the plant but does no damage.
Something gores your ogre.
Read which item? (? for menu, Esc to quit)
As you read the scroll of teleportation, it crumbles to dust.
You feel strangely unstable.
You feel very sick. The water moccasin bites your ogre!
The spiny frog stings the plant!
The death yak completely misses your ogre.
Your ogre closely misses the water moccasin.
The death yak completely misses you.
The water moccasin completely misses your ogre.
The spiny frog stings the plant!
Something gores the plant but does no damage.
Something gores your ogre. Something gores your ogre!
Your ogre dies!
Your ogre's corpse disappears in a puff of smoke!
The sheep bites the plant!
The plant is destroyed!
The death yak gores you!
You die...

♣. ♣. ♣.♣ ♣.♣♣
♣♣♣♣.Y♣♣♣♣
.♣♣.....Y..♣♣♣♣
.........FY.♣@♣
........†F.YY♣♣
........YYH#H#
........†Y.YFS#
........F..YF..#
..........)..F##
..............#
..............PP
.................


You could see 2 death yaks, a griffon, a hippogriff, a spiny frog, 3 blink frogs
and 5 sheep.

Vanquished Creatures
  Gastronok (D:8)
  Nessos (Lair:6)
  The ghost of herpmino the Grappler, a journeyman TrCK of Xom (Lair:2)
  2 hydras
  3 death yaks
  6 black mambas
  Joseph (D:8)
  11 spiny frogs
  2 kobold demonologists (D:7)
  A fire drake (Lair:8)
  4 komodo dragons
  2 trolls (D:9)
  Grinder (D:4)
  A two-headed ogre (D:9)
  19 blink frogs
  Sigmund (D:5)
  3 spriggans (Lair:3)
  2 wyverns
  38 yaks
  A human (D:9)
  A deep elf mage (D:9)
  2 basilisks
  2 hippogriffs
  Menkaure (D:5)
  4 nagas (Lair:3)
  Edmund (D:4)
  9 wolves
  10 water moccasins
  Duvessa (D:7)
  An ogre (D:7)
  4 ice beasts
  5 orc warriors
  4 sky beasts
  5 centaurs
  13 porcupines
  14 giant frogs
  Blork the orc (D:6)
  9 crocodiles
  3 big kobolds
  A wyvern zombie (D:6)
  2 scorpions
  Dowan (D:7)
  4 wights (D:7)
  4 electric eels
  5 crimson imps
  2 giant frog zombies
  A quasit (D:8)
  7 hounds
  5 giant frog skeletons
  A jelly (D:7)
  7 orc wizards
  A lava snake (Lair:4)
  3 orc priests
  A gnoll shaman (D:6)
  10 iguanas
  4 worker ants
  Natasha (D:4)
  6 sheep (Lair:1)
  3 hound skeletons
  A worker ant zombie (D:5)
  15 gnolls
  34 river rats
  9 adders
  2 shadow imps (D:5)
  2 oozes
  2 worms
  3 giant geckos
  28 orcs
  7 goblins
  2 hobgoblins
  8 jackals
  21 kobolds
  6 quokkas
  4 bats
  2 giant cockroaches (D:7)
  A giant gecko skeleton (D:4)
  2 giant newts
  A quokka zombie (D:7)
  6 rats
  A fungus (Lair:3)
  A plant (Lair:3)
418 creatures vanquished.

Vanquished Creatures (collateral kills)
  3 death yaks
  An ugly thing (D:7)
  A black mamba (Lair:5)
  3 elephants (Lair:5)
  2 spiny frogs (Lair:6)
  A komodo dragon (Lair:6)
  A yak (Lair:5)
  A water moccasin (Lair:6)
  A crocodile (Lair:6)
  3 big kobolds (D:7)
  An iguana (Lair:3)
  A shadow imp (D:7)
  3 kobolds (D:7)
22 creatures vanquished.

Vanquished Creatures (others)
  An orc (D:6)
  A quokka zombie (D:9)
  3 fungi
  6 plants
11 creatures vanquished.

Grand Total: 451 creatures vanquished

Notes
Turn   | Place    | Note
--------------------------------------------------------------
     0 | D:1      | MDvedh the Felid Berserker began the quest for the Orb.
     0 | D:1      | Reached XP level 1. HP: 10/10 MP: 2/2
   372 | D:1      | Reached skill level 1 in Stealth
   489 | D:1      | Reached XP level 2. HP: 14/14 MP: 3/3
   911 | D:2      | Reached XP level 3. HP: 17/17 MP: 4/4
  1127 | D:2      | Found a blossoming altar of Fedhas.
  1241 | D:2      | HP: 1/25 [gnoll/spear (3)]
  1244 | D:2      | Reached ** piety under Trog
  1255 | D:2      | Reached XP level 4. HP: 1/21 MP: 5/5
  1949 | D:3      | Reached skill level 5 in Dodging
  2453 | D:4      | Reached XP level 5. HP: 21/24 MP: 6/6
  2761 | D:4      | Found Jusus's Antique Weapon Shoppe.
  2847 | D:4      | Noticed Grinder
  2862 | D:4      | Killed Grinder
  2862 | D:4      | Reached skill level 6 in Dodging
  2862 | D:4      | Gained mutation: You are covered in thick fur (AC +2). [Felid growth]
  2862 | D:4      | Reached XP level 6. HP: 28/28 MP: 7/7
  2909 | D:4      | Noticed Edmund
  2909 | D:4      | Noticed Natasha
  2911 | D:4      | Killed Natasha
  2922 | D:4      | Killed Edmund
  2922 | D:4      | Reached skill level 5 in Stealth
  2922 | D:4      | Reached XP level 7. HP: 33/33 MP: 8/8
  3047 | D:4      | Noticed Natasha
  3269 | D:5      | Entered Level 5 of the Dungeon
  3291 | D:5      | Reached skill level 5 in Unarmed Combat
  3406 | D:5      | Noticed Sigmund
  3409 | D:5      | Reached skill level 5 in Fighting
  3409 | D:5      | Reached skill level 7 in Dodging
  3428 | D:5      | Killed Sigmund
  3600 | D:5      | Noticed Menkaure
  3608 | D:5      | Killed Menkaure
  3608 | D:5      | Reached XP level 8. HP: 37/37 MP: 9/9
  3970 | D:5      | Found a staircase to the Ecumenical Temple.
  3989 | D:5      | Reached *** piety under Trog
  4201 | D:6      | Reached skill level 8 in Dodging
  4279 | D:6      | Noticed Blork the orc
  4308 | D:6      | Killed Blork the orc
  4975 | D:6      | Reached XP level 9. HP: 40/42 MP: 10/10
  5164 | D:6      | Found a bloodstained altar of Trog.
  5382 | D:6      | Reached skill level 9 in Dodging
  5513 | D:7      | Noticed Duvessa
  5515 | D:7      | Noticed Dowan
  5525 | D:7      | Killed Dowan
  5530 | D:7      | Killed Duvessa
  5530 | D:7      | Reached **** piety under Trog
  6368 | D:7      | Noticed a kobold demonologist
  6442 | D:7      | Noticed a kobold demonologist
  6445 | D:7      | Noticed a soul eater
  6451 | D:7      | Killed a kobold demonologist
  6458 | D:7      | Killed a kobold demonologist
  6458 | D:7      | Reached skill level 10 in Dodging
  6458 | D:7      | Reached skill level 10 in Stealth
  6502 | D:7      | Noticed a cyan ugly thing
  6516 | D:7      | Killed a cyan ugly thing
  6516 | D:7      | Reached XP level 10. HP: 29/48 MP: 11/11
  7202 | D:8      | Gained mutation: Your muscles are strong. (Str +2) [mutagenic meat]
  7214 | D:8      | Noticed Gastronok
  7401 | D:8      | Gained mutation: You are partially covered in slimy green scales (AC +2). [mutagenic meat]
  7402 | D:8      | Gained mutation: You evolve. [mutagenic meat]
  7403 | D:8      | Lost mutation: Your muscles are strong. (Str +2) [mutagenic meat]
  7404 | D:8      | Gained mutation: You are partially covered in molten scales (AC +1). [mutagenic meat]
  7405 | D:8      | Gained mutation: Your body sometimes deteriorates upon taking damage. [mutagenic meat]
  7436 | D:8      | Killed Gastronok
  7436 | D:8      | Reached skill level 11 in Dodging
  7581 | D:8      | Found an iron altar of Okawaru.
  7583 | D:8      | Noticed Joseph
  7590 | D:8      | Paralysed by Joseph for 2 turns
  7600 | D:8      | Killed Joseph
  8235 | D:9      | Found Bull's Antique Weapon Emporium.
  8255 | D:9      | Found a staircase to the Lair.
  8377 | D:9      | Reached skill level 1 in Evocations
  8467 | D:9      | Reached XP level 11. HP: 5/53 MP: 13/13
  8471 | D:9      | Killed from afar by an electric eel
  8472 | D:9      | Reached XP level 10. HP: -2/73 MP: 12/12
  8536 | D:9      | Reached ***** piety under Trog
  8706 | D:9      | Found a glowing golden altar of the Shining One.
  9376 | D:9      | Reached skill level 12 in Stealth
  9645 | Lair:1   | Entered Level 1 of the Lair of Beasts
  9901 | Lair:1   | Lost mutation: Your body sometimes deteriorates upon taking damage. [evolution]
  9901 | Lair:1   | Lost mutation: You evolve. [end of evolution]
  9961 | Lair:1   | Gained mutation: You possess an exceptional clarity of mind. [potion of mutation]
  9961 | Lair:1   | Gained mutation: You are clumsy. (Dex -2) [potion of mutation]
  9961 | Lair:1   | Gained mutation: You are resistant to hostile enchantments. [potion of mutation]
 11094 | Lair:2   | Reached XP level 11. HP: 53/53 MP: 14/14
 11272 | Lair:2   | Reached skill level 10 in Unarmed Combat
 11565 | Lair:2   | HP: 2/54 [spiny frog (14)]
 11571 | Lair:2   | Reached skill level 13 in Stealth
 11941 | Lair:2   | Noticed herpmino's ghost (journeyman TrCK)
 12121 | Lair:2   | Killed herpmino's ghost
 12362 | Lair:3   | Reached skill level 5 in Evocations
 12491 | Lair:2   | Reached skill level 10 in Fighting
 12606 | Lair:3   | Found a staircase to the Snake Pit.
 12710 | Lair:3   | Noticed a five-headed hydra
 12778 | Lair:3   | Killed a five-headed hydra
 12803 | Lair:3   | Gained mutation: Your thick and shaggy fur keeps you warm (AC +3, rC+). [Felid growth]
 12803 | Lair:3   | Reached XP level 12. HP: 48/58 MP: 17/17
 14084 | Lair:4   | Noticed a seven-headed hydra
 14093 | Lair:4   | Slain by a seven-headed hydra
 14094 | Lair:4   | Reached XP level 11. HP: -1/82 MP: 16/16
 14131 | Lair:4   | Killed a seven-headed hydra
 14222 | Lair:4   | Found a staircase to the Shoals.
 14776 | Lair:5   | Reached skill level 14 in Stealth
 14880 | Lair:5   | Reached ****** piety under Trog
 15518 | Lair:5   | Reached XP level 12. HP: 59/59 MP: 18/18
 16426 | Lair:6   | Noticed Nessos
 16433 | Lair:6   | Killed Nessos
 17476 | Lair:7   | Slain by a crocodile
 17477 | Lair:7   | Reached XP level 11. HP: -2/55 MP: 17/17
 17614 | Lair:7   | You fall through a shaft!
 17614 | Lair:8   | Entered Level 8 of the Lair of Beasts
 17614 | Lair:8   | Noticed a death yak
 17614 | Lair:8   | Noticed a death yak
 17614 | Lair:8   | Noticed a death yak
 17614 | Lair:8   | Noticed a death yak
 17614 | Lair:8   | Noticed a death yak
 17614 | Lair:8   | Noticed a death yak
 17622 | Lair:8   | Killed a death yak
 17626 | Lair:8   | Killed a death yak
 17629 | Lair:8   | Killed a death yak
 17645 | Lair:8   | Slain by a death yak

Action                   |  1- 3 |  4- 6 |  7- 9 | 10-12 || total
-------------------------+-------+-------+-------+-------++-------
Melee: Unarmed           |    58 |    86 |   270 |  1049 ||  1463
Invok: Berserk           |     2 |     3 |     7 |    21 ||    33
       Trog's Hand       |       |     1 |     2 |    16 ||    19
       Brothers in Arms  |       |       |     2 |     4 ||     6
       Burn Spellbooks   |       |       |     1 |     3 ||     4
Evoke: Wand              |       |       |       |    17 ||    17
       Fan of gales      |       |       |       |     2 ||     2
  Use: Scroll            |     3 |       |     7 |    16 ||    26
       Potion            |       |       |       |     4 ||     4
 Stab: Sleeping          |     6 |     5 |    25 |    51 ||    87
       Distracted        |     1 |     1 |       |     9 ||    11
  Eat: Chunk             |     9 |     4 |    16 |    57 ||    86
